 Dungeon Sprint DCSS version 0.27.1-33-g824d729ab1 (webtiles) character file.

Game seed: 17591311434508348132

3045 Hipnos the Eclecticist (level 9, -1/49 HPs)
             Began as a Deep Elf Ice Elementalist on Nov 27, 2021.
             Was a Priest of Vehumet.
             Slain by a demonic crawler (7 damage)
             ... in the Dungeon (Sprint I: "Red Sonja").
             The game lasted 00:09:23 (1663 turns).

Hipnos the Eclecticist (Deep Elf Ice Elementalist)  Turns: 1663, Time: 00:09:23

Health: -1/49      AC: 15    Str:  5    XL:     9   Next: 56%
Magic:  16/32      EV: 15    Int: 30    God:    Vehumet [***...]
Gold:   190        SH:  0    Dex: 15    Spells: 28/42 levels left

rFire    . . .     SeeInvis .   h - +2 dagger (drain)
rCold    . . .     Faith    .   (no shield)
rNeg     . . .     Spirit   .   a - +0 robe
rPois    .         Reflect  .   (no helmet)
rElec    .         Harm     .   c - +0 cloak
rCorr    .         Rampage  .   (no gloves)
Will     .....     NoTele   +   (no boots)
Stlth    ++........             (no amulet)
HPRegen  0.16/turn              j - +6 ring of intelligence
MPRegen  0.23/turn              (no ring)

@: ice-armoured, freezing walls
A: no striking features
a: Renounce Religion


You were in the Dungeon.
You worshipped Vehumet.
Vehumet was most pleased with you.
You visited 1 branch You collected 892 gold pieces.
You spent 702 gold pieces at shops.

Inventory:

Hand Weapons
 h - a +2 dagger of draining (weapon)
Armour
 a - a +0 robe (worn)
 c - a +0 cloak (worn)
Jewellery
 j - a +6 ring of intelligence (left hand)
Wands
 i - a wand of digging (5)
Scrolls
 k - a scroll of identify {unknown}
Potions
 b - a potion of curing
 e - 2 potions of magic
 f - a potion of berserk rage


   Skills:
 + Level 2.7 Fighting
 + Level 6.9 Dodging
 - Level 2.4 Stealth
 + Level 17.2 Spellcasting
 + Level 4.8 Conjurations
 + Level 16.3 Ice Magic


You had 28 spell levels left.
You knew the following spells:

 Your Spells              Type           Power      Damage    Failure   Level
a - Freeze                Ice            100%       1d11      0%          1
b - Frozen Ramparts       Ice            100%       1d12      0%          3
c - Ozocubu's Armour      Ice            89%        N/A       0%          3
d - Hailstorm             Conj/Ice       73%        3d15      1%          4
e - Foxfire               Conj/Fire      100%       2x1d9     1%          1
f - Searing Ray           Conj           100%       3d7       1%          2

Your spell library contained the following spells:

 Spells                   Type           Power      Damage    Failure   Level
 Dazzling Flash           Conj/Hex       80%        N/A       1%          3


Dungeon Overview and Level Annotations

Branches:
Dungeon (1/1)

Altars:
Cheibriados
Dithmenos
Elyvilon
Fedhas
Gozag
Hepliaklqana
Kikubaaqudgha
Makhleb
Nemelex Xobeh
Okawaru
Qazlal
Ru
Sif Muna
Trog
Uskayaw
Vehumet
Wu Jian
Xom
Yredelemnul
Zin
The Shining One
Jiyva
Lugonu

Shops:
D =:[


Message History

The demonic crawler resists.
The wall freezes the demonic crawler.
The demonic crawler barely misses you. The demonic crawler closely misses you.
The demonic crawler hits you!
The demonic crawler resists.
The wall freezes the demonic crawler.
The demonic crawler hits you but does no damage.
The demonic crawler misses you. The demonic crawler hits you.
Casting: Freeze (safe; 0% risk of failure)
Confirm with . or Enter, or press ? or * to list all spells.
Aiming: Freeze (safe; 0% risk of failure)
Press: ? - help, Shift-Dir - straight line, f/p - demonic crawler
Aim: a demonic crawler (severely wounded)
You freeze the demonic crawler.
The demonic crawler resists.
The demonic crawler is severely wounded.
The demonic crawler resists.
The wall freezes the demonic crawler.
The demonic crawler hits you! The demonic crawler hits you.
The demonic crawler misses you.
Casting: Freeze (safe; 0% risk of failure)
Confirm with . or Enter, or press ? or * to list all spells.
Aiming: Freeze (safe; 0% risk of failure)
Press: ? - help, Shift-Dir - straight line, f/p - demonic crawler
Aim: a demonic crawler (almost dead)
You freeze the demonic crawler.
The demonic crawler resists.
The demonic crawler is almost dead.
The demonic crawler resists.
The wall freezes the demonic crawler.
The demonic crawler barely misses you. The demonic crawler hits you.
* * * LOW HITPOINT WARNING * * *
The demonic crawler hits you!
* * * LOW HITPOINT WARNING * * *
Unknown command.
Casting: Freeze (safe; 0% risk of failure)
Confirm with . or Enter, or press ? or * to list all spells.
Aiming: Freeze (safe; 0% risk of failure)
Press: ? - help, Shift-Dir - straight line, f/p - demonic crawler
Aim: a demonic crawler (almost dead)
You freeze the demonic crawler but do no damage.
The demonic crawler completely resists.
The demonic crawler resists.
The wall freezes the demonic crawler.
The demonic crawler misses you.
The demonic crawler hits you but does no damage.
The demonic crawler hits you!
You die...

#<.#..)..#..'..#__#..'.[.#
#..').#..').#.†'.ss..#)..##+#
#..#####'#####'#_s####...s..#
#..####..#...#.#### #####..+
#..#__####..##.# ##
#..#_____##'#_.+
#⌠⌠#_.∩...'..._#
####_..__##s.#'##+###
#_____###@#.#.[..###
############)####'###.##
#∩^.......'...'.....'.∩#
###++++####...##########
###.### #.#'#.# #.....#
#.)(..# #######


You could see a demonic crawler.

Vanquished Creatures
  Sonja (D)
  A deep troll (D)
  3 demonic crawlers (D)
  2 kobold demonologists (D)
  A slime creature (D)
  A yak (D)
  Sigmund (D)
  A floating eye (D)
  An ogre (D)
  A jelly (D)
  Ijyb (D)
  2 ballistomycete spores (D)
  A foxfire (D)
17 creatures vanquished.

Vanquished Creatures (others)
  A gargoyle (D)
1 creature vanquished.

Grand Total: 18 creatures vanquished

Notes
Turn   | Place    | Note
-------+----------+-------------------------------------------
     0 | D        | Hipnos the Deep Elf Ice Elementalist began the quest for
                  | the Orb.
     0 | D        | Reached XP level 1. HP: 10/10 MP: 6/6
     1 | D        | Noticed Ijyb
    10 | D        | Killed Ijyb
    11 | D        | Reached skill level 4 in Spellcasting
    11 | D        | Reached XP level 2. HP: 4/15 MP: 0/9
   231 | D        | Noticed an ogre
   238 | D        | Killed an ogre
   239 | D        | Reached skill level 6 in Spellcasting
   239 | D        | Reached XP level 3. HP: 17/20 MP: 4/13
   239 | D        | Reached XP level 4. HP: 21/24 MP: 4/14
   313 | D        | Learned a level 3 spell: Frozen Ramparts
   317 | D        | Learned a level 3 spell: Ozocubu's Armour
   322 | D        | Learned a level 4 spell: Hailstorm
   323 | D        | Noticed Sigmund
   328 | D        | Killed Sigmund
   329 | D        | Reached skill level 1 in Fighting
   329 | D        | Reached skill level 8 in Spellcasting
   329 | D        | Reached XP level 5. HP: 29/29 MP: 1/18
   546 | D        | Found an ornate altar of the Wu Jian Council.
   546 | D        | Found a shimmering blue altar of Sif Muna.
   548 | D        | Found a radiant altar of Vehumet.
   558 | D        | Became a worshipper of Vehumet
   563 | D        | Reached skill level 9 in Spellcasting
   563 | D        | Reached skill level 1 in Conjurations
   563 | D        | Reached XP level 6. HP: 26/34 MP: 11/20
   629 | D        | Found Waupot's Book Emporium.
   629 | D        | Found an ancient bone altar of Kikubaaqudgha.
   629 | D        | Found a hazy altar of Hepliaklqana.
   629 | D        | Found a stormy altar of Qazlal.
   629 | D        | Found a hide-covered altar of Uskayaw.
   629 | D        | Found a blossoming altar of Fedhas.
   629 | D        | Found a bloodstained altar of Trog.
   629 | D        | Found an iron altar of Okawaru.
   629 | D        | Found a basalt altar of Yredelemnul.
   629 | D        | Found a glowing golden altar of the Shining One.
   629 | D        | Found a snail-covered altar of Cheibriados.
   629 | D        | Found a sacrificial altar of Ru.
   629 | D        | Found a glowing silver altar of Zin.
   629 | D        | Found a shadowy altar of Dithmenos.
   629 | D        | Found a white marble altar of Elyvilon.
   629 | D        | Noticed a yak
   633 | D        | Killed a yak
   634 | D        | Reached skill level 5 in Dodging
   634 | D        | Reached skill level 10 in Spellcasting
   635 | D        | Found an opulent altar of Gozag.
   688 | D        | Found a burning altar of Makhleb.
   688 | D        | Found a viscous altar of Jiyva.
   688 | D        | Found a shimmering altar of Xom.
   688 | D        | Found a corrupted altar of Lugonu.
   688 | D        | Noticed a slime creature
   696 | D        | Killed a slime creature
   696 | D        | Reached * piety under Vehumet
   696 | D        | Offered knowledge of Foxfire by Vehumet.
   697 | D        | Reached skill level 12 in Spellcasting
   697 | D        | Reached XP level 7. HP: 30/38 MP: 4/24
   700 | D        | Learned a level 1 spell: Foxfire
   709 | D        | Found a sparkling altar of Nemelex Xobeh.
   832 | D        | Noticed a kobold demonologist
   833 | D        | Paralysed by a floating eye for 2 turns
   833 | D        | Noticed a kobold demonologist
   834 | D        | Noticed a red devil
   836 | D        | Killed a kobold demonologist
   836 | D        | Killed a kobold demonologist
   837 | D        | Reached skill level 13 in Spellcasting
   837 | D        | Reached XP level 8. HP: 32/44 MP: 13/27
   837 | D        | Reached ** piety under Vehumet
   837 | D        | Offered knowledge of Searing Ray by Vehumet.
   838 | D        | Reached skill level 14 in Spellcasting
   841 | D        | Learned a level 2 spell: Searing Ray
   961 | D        | Noticed Sonja
   963 | D        | Killed Sonja
   964 | D        | Reached skill level 15 in Spellcasting
   964 | D        | Reached skill level 15 in Ice Magic
  1115 | D        | Found Ughearchy's Jewellery Boutique.
  1123 | D        | Bought a +6 ring of intelligence for 702 gold pieces
  1136 | D        | Noticed a deep troll
  1143 | D        | Killed a deep troll
  1144 | D        | Reached skill level 16 in Spellcasting
  1144 | D        | Reached XP level 9. HP: 37/48 MP: 20/31
  1156 | D        | Found Goir's Armour Emporium.
  1329 | D        | Noticed a demonic crawler
  1329 | D        | Noticed a demonic crawler
  1329 | D        | Noticed a demonic crawler
  1329 | D        | Noticed a demonic crawler
  1348 | D        | Killed a demonic crawler
  1348 | D        | Offered knowledge of Dazzling Flash by Vehumet.
  1348 | D        | Killed a demonic crawler
  1348 | D        | Reached *** piety under Vehumet
  1349 | D        | Reached skill level 17 in Spellcasting
  1354 | D        | HP: 2/49 [demonic crawler (8)]
  1359 | D        | Killed a demonic crawler
  1468 | D        | Killed a gargoyle
  1663 | D        | Slain by a demonic crawler

Illustrated notes

Levels and vault maps discovered:
D:        dungeon_sprint_1 [red_sonja_temple_1, red_sonja_temple_small_1]

Skill      XL: |  1  2  3  4  5  6  7  8  9 |
---------------+----------------------------+-----
Dodging        | 3 4 5 6 |  6.9
Spellcasting   | 4 6 8 9 12 13 16 17 | 17.2
Ice Magic      | 6 9 11 13 14 15 16 | 16.3
Fighting       | 1 2 |  2.7
Conjurations   | 1 3 4 |  4.8
Stealth        | |  2.4

Action                   |  1- 3 |  4- 6 |  7- 9 || total
-------------------------+-------+-------+-------++-------
 Cast: Freeze            |    11 |     9 |    13 ||    33
       Hailstorm         |       |     4 |     6 ||    10
       Ozocubu's Armour  |       |     4 |     7 ||    11
       Frozen Ramparts   |       |     4 |     6 ||    10
       Searing Ray       |       |       |     3 ||     3
       Foxfire           |       |       |     2 ||     2
  Use: Potion            |     2 |       |     3 ||     5
       Scroll            |       |       |     1 ||     1
Armor: Robe              |       |     3 |    28 ||    31
Dodge: Dodged            |     5 |     7 |    45 ||    57
